ORI
UNIVERSITY OF CONNETICUT HUSKIES @ COASTAL CAROLINA UNIVERSITY CHANTICLEERS
10/30/2045
 
TOP OF THE 1ST
University of Conneticut Huskies batting - Pitching for Coastal Carolina University Chanticleers : RHP Oscar Fajardo
Pitching: RHP Oscar Fajardo
Batting: RHB Alfredo Reguera 0-0: Ball
1-0: Ground out 4-3 (Groundball, 4M, EV 105.0 MPH)
Batting: RHB Scott Webb 0-0: Swinging Strike
0-1: Swinging Strike
0-2: Ball
1-2: Strikes out swinging
Batting: LHB Sergei Stefanov 0-0: Called Strike
0-1: Ball
1-1: Ball
2-1: Foul Ball, location: 2F
2-2: DOUBLE (Line Drive, 8LD, EV 89.4 MPH)
Batting: LHB Bill Kovac 0-0: Foul Ball, location: 2F
0-1: Fly out, F7 (Line Drive, 7, EV 93.1 MPH)
Top of the 1st over - 0 runs, 1 hit, 0 errors, 1 left on base; University of Conneticut 0 - Coastal Carolina University 0
BOTTOM OF THE 1ST
Coastal Carolina University Chanticleers batting - Pitching for University of Conneticut Huskies : RHP Tom DeLaurentis
Pitching: RHP Tom DeLaurentis
Batting: RHB Cruz Castro 0-0: Called Strike
0-1: Fly out, F4 (Popup, 34S, EV 84.4 MPH)
Batting: LHB Edwin Cabral 0-0: Fly out, F3 (Popup, 3F, EV 80.6 MPH)
Batting: RHB Hidemitsu Matsuno 0-0: Fly out, F9 (Flyball, 9D, EV 106.2 MPH)
Bottom of the 1st over - 0 runs, 0 hits, 0 errors, 0 left on base; University of Conneticut 0 - Coastal Carolina University 0
TOP OF THE 2ND
University of Conneticut Huskies batting - Pitching for Coastal Carolina University Chanticleers : RHP Oscar Fajardo
Batting: RHB Elmar Adenauer 0-0: Ball
1-0: Swinging Strike
1-1: Swinging Strike
1-2: Ball
2-2: Foul Ball, location: 2F
2-2: Foul Ball, location: 2F
2-2: Strikes out swinging
Batting: LHB Jim Upson 0-0: Foul Ball, location: 2F
0-1: Swinging Strike
0-2: SINGLE (Groundball, 56D, EV 105.6 MPH)
Batting: RHB Hector Barajas 0-0: Grounds out, U3 (Groundball, 3L, EV 81.2 MPH)
Batting: RHB Juan Vasquez 0-0: Ball
1-0: Ball
2-0: Fly out, F9 (Flyball, 9LD, EV 108.8 MPH)
Top of the 2nd over - 0 runs, 1 hit, 0 errors, 1 left on base; University of Conneticut 0 - Coastal Carolina University 0
BOTTOM OF THE 2ND
Coastal Carolina University Chanticleers batting - Pitching for University of Conneticut Huskies : RHP Tom DeLaurentis
Batting: LHB Israel Jaramillo 0-0: Ground out 5-3 (Groundball, 5, EV 85.0 MPH)
Batting: RHB Mario Martinez 0-0: Foul Ball, location: 2F
0-1: Ball
1-1: Ball
2-1: Fly out, F8 (Flyball, 8LM, EV 85.0 MPH)
Batting: RHB Dennis Bennett 0-0: Ball
1-0: Called Strike
1-1: Called Strike
1-2: Ball
2-2: Ball
3-2: Strikes out swinging
Bottom of the 2nd over - 0 runs, 0 hits, 0 errors, 0 left on base; University of Conneticut 0 - Coastal Carolina University 0
TOP OF THE 3RD
University of Conneticut Huskies batting - Pitching for Coastal Carolina University Chanticleers : RHP Oscar Fajardo
Batting: LHB Enzo Aguello 0-0: Ball
1-0: Called Strike
1-1: Foul Ball, location: 2F
1-2: Ball
2-2: SINGLE (Line Drive, 8RS, EV 110.6 MPH)
Batting: RHB Alfredo Reguera 0-0: Ball
1-0: Fielders Choice at 2nd, 5-4 (Groundball, 56S, EV 83.8 MPH)
Batting: RHB Scott Webb 0-0: Called Strike
0-1: Called Strike
Alfredo Reguera steals 2nd base (no throw)
0-2: Ball
1-2: Ball
2-2: Foul Ball, location: 2F
2-2: Strikes out swinging
Pitching: RHP Jim Unknown
Batting: LHB Sergei Stefanov 0-0: Ground out 6-3 (Groundball, 6, EV 90.6 MPH)
Top of the 3rd over - 0 runs, 1 hit, 0 errors, 1 left on base; University of Conneticut 0 - Coastal Carolina University 0
BOTTOM OF THE 3RD
Coastal Carolina University Chanticleers batting - Pitching for University of Conneticut Huskies : RHP Tom DeLaurentis
Batting: RHB Jim Unknown 0-0: Foul Ball, location: 2F
0-1: Swinging Strike
0-2: Foul Ball, location: 2F
0-2: Foul Ball, location: 2F
0-2: Fly out, F4 (Flyball, 4D, EV 90.0 MPH)
Batting: RHB Justin Klein 0-0: Ball
1-0: Ball
2-0: Fly out, F9 (Flyball, 9LM, EV 94.4 MPH)
Batting: RHB Chris Marcellus 0-0: Ball
1-0: Called Strike
1-1: Foul Ball, location: 2F
1-2: Ground out 2-3 (Groundball, 2L, EV 66.2 MPH)
Bottom of the 3rd over - 0 runs, 0 hits, 0 errors, 0 left on base; University of Conneticut 0 - Coastal Carolina University 0
TOP OF THE 4TH
University of Conneticut Huskies batting - Pitching for Coastal Carolina University Chanticleers : RHP Jim Unknown
Batting: LHB Bill Kovac 0-0: Ball
1-0: Called Strike
1-1: Ball
2-1: Swinging Strike
2-2: Foul Ball, location: 2F
2-2: Fly out, F7 (Flyball, 7D, EV 105.0 MPH)
Batting: RHB Elmar Adenauer 0-0: Called Strike
0-1: Called Strike
0-2: Ball
1-2: Strikes out looking
Batting: LHB Jim Upson 0-0: Called Strike
0-1: Ball
1-1: Foul Ball, location: 2F
1-2: Ball
2-2: Ball
3-2: Ground out 6-3 (Groundball, P, EV 90.0 MPH)
Top of the 4th over - 0 runs, 0 hits, 0 errors, 0 left on base; University of Conneticut 0 - Coastal Carolina University 0
BOTTOM OF THE 4TH
Coastal Carolina University Chanticleers batting - Pitching for University of Conneticut Huskies : RHP Tom DeLaurentis
Batting: RHB Cruz Castro 0-0: Ball
1-0: SINGLE (Groundball, 34D, EV 98.8 MPH)
Batting: LHB Edwin Cabral 0-0: Called Strike
0-1: Ball
1-1: Foul Ball, location: 2F
1-2: Foul Ball, location: 2F
1-2: Fly out, F8 (Flyball, 8RD, EV 76.9 MPH)
Batting: RHB Hidemitsu Matsuno 0-0: Ball
1-0: Foul Ball, location: 2F
1-1: Fielders Choice at 2nd, 6-4 (Groundball, 6, EV 76.9 MPH)
Batting: LHB Israel Jaramillo 0-0: Fly out, F7 (Flyball, 7, EV 85.0 MPH)
Bottom of the 4th over - 0 runs, 1 hit, 0 errors, 1 left on base; University of Conneticut 0 - Coastal Carolina University 0
TOP OF THE 5TH
University of Conneticut Huskies batting - Pitching for Coastal Carolina University Chanticleers : RHP Jim Unknown
Batting: RHB Hector Barajas 0-0: Ball
1-0: Foul Ball, location: 2F
1-1: Ball
2-1: Swinging Strike
2-2: Ball
3-2: Fly out, F6 (Flyball, 6D, EV 86.9 MPH)
Batting: RHB Juan Vasquez 0-0: Ball
1-0: Foul Ball, location: 2F
1-1: Ball
2-1: Ball
3-1: Foul Ball, location: 2F
3-2: Base on Balls
Batting: LHB Enzo Aguello 0-0: Ball
1-0: SINGLE (Groundball, 4, EV 100.0 MPH)
Juan Vasquez to second
Runner from 2nd tries for 3rd, SAFE, no throw by CF
Batting: RHB Alfredo Reguera 0-0: Ball
1-0: DOUBLE (Line Drive, 9LM, EV 98.1 MPH)
Juan Vasquez scores
Enzo Aguello to third
Runner from 3rd tries for Home, SAFE, throw by RF to trailing runner, SAFE at third!
Batting: RHB Scott Webb 0-0: Ball
1-0: Ball
2-0: Foul Ball, location: 2F
2-1: Swinging Strike
2-2: Ground out 6-3 (Groundball, 6, EV 110.0 MPH)
Alfredo Reguera scores
Pitching: LHP Jim Unknown
Batting: LHB Sergei Stefanov 0-0: Called Strike
0-1: Fly out, F6 (Flyball, 5D, EV 88.1 MPH)
Top of the 5th over - 3 runs, 2 hits, 0 errors, 0 left on base; University of Conneticut 3 - Coastal Carolina University 0
BOTTOM OF THE 5TH
Coastal Carolina University Chanticleers batting - Pitching for University of Conneticut Huskies : RHP Tom DeLaurentis
Batting: RHB Mario Martinez 0-0: Swinging Strike
0-1: Ball
1-1: Ball
2-1: Ball
3-1: Ground out 4-3 (Groundball, 4, EV 87.5 MPH)
Batting: RHB Dennis Bennett 0-0: Called Strike
0-1: Reached on error, E3 (Groundball, 34S, EV 70.6 MPH)
Batting: RHB Jim Unknown 0-0: Ball
1-0: Ball
2-0: Fielders Choice at 2nd, 6-4 (Groundball, 6, EV 87.5 MPH)
Batting: RHB Justin Klein 0-0: SINGLE (Flyball, 3D, EV 88.8 MPH)
Jim Unknown to second
Runner from 2nd tries for 3rd, SAFE, throw by RF made to third
Batting: RHB Chris Marcellus 0-0: Ball
1-0: Ball
2-0: Ball
3-0: Called Strike
3-1: Base on Balls
Justin Klein to second
Batting: RHB Cruz Castro 0-0: Ball
1-0: Fly out, F8 (Flyball, 8RM, EV 92.5 MPH)
Bottom of the 5th over - 0 runs, 1 hit, 1 error, 3 left on base; University of Conneticut 3 - Coastal Carolina University 0
TOP OF THE 6TH
University of Conneticut Huskies batting - Pitching for Coastal Carolina University Chanticleers : LHP Jim Unknown
Batting: LHB Bill Kovac 0-0: Ball
1-0: Ball
2-0: Foul Ball, location: 2F
2-1: Foul Ball, location: 2F
2-2: Hit by Pitch
Batting: RHB Elmar Adenauer 0-0: Ball
1-0: Ball
2-0: Foul Ball, location: 2F
2-1: Foul Ball, location: 2F
2-2: Foul Ball, location: 2F
2-2: Foul Ball, location: 2F
2-2: Grounds into double play, 6-4-3 (Groundball, 6, EV 87.5 MPH)
Batting: LHB Jim Upson 0-0: Ball
1-0: Ground out U3 (Groundball, 34S, EV 92.5 MPH)
Top of the 6th over - 0 runs, 0 hits, 0 errors, 0 left on base; University of Conneticut 3 - Coastal Carolina University 0
BOTTOM OF THE 6TH
Coastal Carolina University Chanticleers batting - Pitching for University of Conneticut Huskies : RHP Tom DeLaurentis
Batting: LHB Edwin Cabral 0-0: Foul Ball, location: 2F
0-1: Ball
1-1: Reached on error, E5 (Groundball, 56S, EV 71.2 MPH)
Batting: RHB Hidemitsu Matsuno 0-0: Ball
1-0: Fly out, F7 (Flyball, 7S, EV 83.8 MPH)
Batting: LHB Israel Jaramillo 0-0: Foul Ball, location: 2F
0-1: Swinging Strike
0-2: Foul Ball, location: 2F
0-2: Fielders Choice at 2nd, 1-4 (Groundball, 15S, EV 69.4 MPH)
Batting: RHB Mario Martinez 0-0: Fly out, F9 (Flyball, 9S, EV 81.2 MPH)
Bottom of the 6th over - 0 runs, 0 hits, 1 error, 1 left on base; University of Conneticut 3 - Coastal Carolina University 0
TOP OF THE 7TH
University of Conneticut Huskies batting - Pitching for Coastal Carolina University Chanticleers : LHP Jim Unknown
Batting: RHB Hector Barajas 0-0: Foul Ball, location: 2F
0-1: Called Strike
0-2: Ground out U3 (Groundball, 34, EV 96.2 MPH)
Batting: RHB Juan Vasquez 0-0: Ball
1-0: SINGLE (Groundball, 6MD, EV 107.5 MPH)
Batting: LHB Enzo Aguello 0-0: Swinging Strike
0-1: Ball
1-1: Ball
2-1: Ball
3-1: Base on Balls
Juan Vasquez to second
Batting: RHB Alfredo Reguera 0-0: Called Strike
0-1: Swinging Strike
0-2: Ball
1-2: Ball
2-2: Ball
3-2: Base on Balls
Juan Vasquez to third
Enzo Aguello to second
Batting: RHB Scott Webb 0-0: Swinging Strike
0-1: Called Strike
0-2: Ball
1-2: SINGLE (Line Drive, 4, EV 96.9 MPH)
Juan Vasquez scores
Enzo Aguello to third
Alfredo Reguera to second
Runner from 3rd tries for Home, SAFE, throw by RF to home
Batting: LHB Sergei Stefanov 0-0: Ball
Alfredo Reguera steals 3rd base (no throw)
1-0: Called Strike
1-1: SINGLE (Line Drive, 56, EV 102.5 MPH)
Alfredo Reguera scores
Scott Webb to second
Batting: LHB Bill Kovac 0-0: Foul Ball, location: 2F
0-1: Ball
1-1: Hit by Pitch
Scott Webb to third
Sergei Stefanov to second
Batting: RHB Elmar Adenauer 0-0: Fly out, F9 (Flyball, 9, EV 88.1 MPH)
Runner from 3rd tags up, SCORES, no throw by RF
Batting: LHB Jim Upson 0-0: Ball
1-0: Foul Ball, location: 2F
1-1: Ball
2-1: Foul Ball, location: 2F
2-2: Ball
3-2: Foul Ball, location: 2F
3-2: Ground out 4-3 (Groundball, 4M, EV 108.1 MPH)
Top of the 7th over - 4 runs, 3 hits, 0 errors, 2 left on base; University of Conneticut 7 - Coastal Carolina University 0
BOTTOM OF THE 7TH
Coastal Carolina University Chanticleers batting - Pitching for University of Conneticut Huskies : RHP Tom DeLaurentis
Batting: RHB Dennis Bennett 0-0: Fly out, F9 (Flyball, 9, EV 92.5 MPH)
Batting: RHB Jim Unknown 0-0: Ground out 6-3 (Groundball, 6, EV 81.9 MPH)
Batting: RHB Justin Klein 0-0: Foul Ball, location: 2F
0-1: DOUBLE (Line Drive, 78M, EV 110.0 MPH)
Batting: RHB Chris Marcellus 0-0: Called Strike
0-1: Foul Ball, location: 2F
0-2: Ball
1-2: Fly out, F3 (Popup, 34S, EV 83.1 MPH)
Bottom of the 7th over - 0 runs, 1 hit, 0 errors, 1 left on base; University of Conneticut 7 - Coastal Carolina University 0
TOP OF THE 8TH
University of Conneticut Huskies batting - Pitching for Coastal Carolina University Chanticleers : LHP Jim Unknown
Pitching: RHP Jim Unknown
Batting: RHB Hector Barajas 0-0: Ball
1-0: Called Strike
1-1: Called Strike
1-2: Ball
2-2: Ground out 3-1 (Groundball, 34, EV 101.2 MPH)
Batting: RHB Juan Vasquez 0-0: Ball
1-0: Ball
2-0: Ball
3-0: Base on Balls
Batting: LHB Enzo Aguello 0-0: Swinging Strike
0-1: Fielders Choice at 2nd, 4-6 (Groundball, 34, EV 106.2 MPH)
Batting: RHB Alfredo Reguera 0-0: Called Strike
0-1: Ball
1-1: Ball
2-1: Ball
3-1: Base on Balls
Enzo Aguello to second
Pinch Hitting: LHB Ivan Pina 0-0: Ball
1-0: Ball
2-0: Ball
3-0: Base on Balls
Enzo Aguello to third
Alfredo Reguera to second
Batting: LHB Sergei Stefanov 0-0: Ball
1-0: Ball
2-0: GRAND SLAM HOME RUN (Flyball, 89XD, EV 101.9 MPH), Distance : 411 ft
Pitching: RHP Jim Unknown
Pinch Hitting: LHB Yashiya Nakata 0-0: Called Strike
0-1: Called Strike
0-2: Foul Ball, location: 2F
0-2: DOUBLE (Groundball, 3L, EV 101.2 MPH)
Batting: RHB Elmar Adenauer 0-0: Called Strike
0-1: Ball
1-1: Called Strike
1-2: Strikes out swinging
Top of the 8th over - 4 runs, 2 hits, 0 errors, 1 left on base; University of Conneticut 11 - Coastal Carolina University 0
BOTTOM OF THE 8TH
Coastal Carolina University Chanticleers batting - Pitching for University of Conneticut Huskies : RHP Tom DeLaurentis
Now at 2B: Clint Hanninen
Now in LF: Yashiya Nakata
Batting: RHB Cruz Castro 0-0: Called Strike
0-1: SINGLE (Groundball, 6MS, EV 68.1 MPH) (infield hit)
Batting: LHB Edwin Cabral 0-0: Swinging Strike
0-1: Ball
1-1: Swinging Strike
1-2: Hit by Pitch
Cruz Castro to second
Batting: RHB Hidemitsu Matsuno 0-0: Ball
1-0: Ball
2-0: Called Strike
2-1: Ball
3-1: SINGLE (Line Drive, 7S, EV 105.6 MPH)
Cruz Castro to third
Edwin Cabral to second
Runner from 3rd tries for Home, throw by LF and OUT! 7-2
Batting: LHB Israel Jaramillo 0-0: Ball
1-0: Ball
2-0: Ball
3-0: Base on Balls
Edwin Cabral to third
Hidemitsu Matsuno to second
Batting: RHB Mario Martinez 0-0: Ball
1-0: Called Strike
1-1: Fielders Choice at 2nd, 3-6 (Groundball, 3S, EV 85.0 MPH)
Edwin Cabral scores
Hidemitsu Matsuno to third
Batting: RHB Dennis Bennett 0-0: Ground out 3-1 (Groundball, 34S, EV 84.4 MPH)
Bottom of the 8th over - 1 run, 2 hits, 0 errors, 2 left on base; University of Conneticut 11 - Coastal Carolina University 1
TOP OF THE 9TH
University of Conneticut Huskies batting - Pitching for Coastal Carolina University Chanticleers : RHP Jim Unknown
Batting: LHB Jim Upson 0-0: SINGLE (Groundball, 6, EV 105.0 MPH)
Batting: RHB Hector Barajas 0-0: Ball
1-0: Foul Ball, location: 2F
1-1: Foul Ball, location: 2F
1-2: Ball
2-2: Ball
3-2: SINGLE (Line Drive, 6MD, EV 101.2 MPH)
Jim Upson to second
Batting: RHB Juan Vasquez 0-0: Swinging Strike
0-1: Ball
1-1: Ball
2-1: Foul Ball, location: 2F
2-2: Ball
3-2: Foul Ball, location: 2F
3-2: Base on Balls
Jim Upson to third
Hector Barajas to second
Pinch Hitting: RHB Bill Stern 0-0: Foul Ball, location: 2F
0-1: Ball
1-1: Foul Ball, location: 2F
1-2: Foul Ball, location: 2F
1-2: Ball
2-2: Foul Ball, location: 2F
2-2: Ball
3-2: Fielders Choice at 2nd, 4-6 (Groundball, 4, EV 103.8 MPH)
Jim Upson scores
Hector Barajas to third
Batting: RHB Alfredo Reguera 0-0: Ball
1-0: Ball
2-0: SINGLE (Groundball, 6MD, EV 93.8 MPH)
Hector Barajas scores
Bill Stern to second
Pinch Hitting: RHB Jorge Dominguez 0-0: Ball
1-0: Ball
Wild Pitch!
Bill Stern to third
Alfredo Reguera to second
2-0: Foul Ball, location: 2F
2-1: Ball
3-1: Base on Balls
Batting: LHB Sergei Stefanov 0-0: Called Strike
0-1: Fielders Choice at 2nd, 3-6 (Groundball, 34, EV 97.5 MPH)
Bill Stern scores
Alfredo Reguera to third
Pinch Hitting: RHB Hugo Priego 0-0: Ball
1-0: Ball
2-0: Foul Ball, location: 2F
2-1: SINGLE (Line Drive, 78S, EV 94.4 MPH)
Alfredo Reguera scores
Sergei Stefanov to second
Pinch Hitting: RHB Alejandro Collazo 0-0: Called Strike
0-1: Ball
1-1: Called Strike
1-2: Ball
2-2: Ball
3-2: Base on Balls
Sergei Stefanov to third
Hugo Priego to second
Batting: LHB Jim Upson 0-0: Ball
1-0: Foul Ball, location: 2F
1-1: Ground out 4-3 (Groundball, 4M, EV 108.1 MPH)
Top of the 9th over - 4 runs, 4 hits, 0 errors, 3 left on base; University of Conneticut 15 - Coastal Carolina University 1
BOTTOM OF THE 9TH
Coastal Carolina University Chanticleers batting - Pitching for University of Conneticut Huskies : RHP Tom DeLaurentis
Now at 1B: Bill Stern
Now at 2B: Hugo Priego
Now at SS: Alejandro Collazo
Now in LF: Andrew Barzee
Batting: RHB Jim Unknown 0-0: Ball
1-0: Ball
2-0: Called Strike
2-1: Foul Ball, location: 2F
2-2: Ball
3-2: Foul Ball, location: 2F
3-2: SINGLE (Flyball, 34D, EV 96.2 MPH)
Batting: RHB Justin Klein 0-0: Ball
1-0: Ball
2-0: Ball
3-0: Base on Balls
Jim Unknown to second
Batting: RHB Chris Marcellus 0-0: Ball
1-0: Swinging Strike
1-1: Foul Ball, location: 2F
1-2: Ball
2-2: Fly out, F4 (Popup, 34S, EV 82.5 MPH)
Pitching: RHP Miguel Ramos
Batting: RHB Cruz Castro 0-0: Ball
1-0: Called Strike
1-1: Called Strike
1-2: Ball
2-2: DOUBLE (Flyball, 89D, EV 89.4 MPH)
Jim Unknown scores
Justin Klein to third
Batting: LHB Edwin Cabral 0-0: Ball
1-0: Ball
2-0: Ground out 6-3 (Groundball, 4MS, EV 80.6 MPH)
Justin Klein scores
Cruz Castro to third
Batting: RHB Hidemitsu Matsuno 0-0: Ball
1-0: Called Strike
1-1: Foul Ball, location: 2F
1-2: Ground out 4-3 (Groundball, 4S, EV 88.1 MPH)
Bottom of the 9th over - 2 runs, 2 hits, 0 errors, 1 left on base; University of Conneticut 15 - Coastal Carolina University 3
Wednesday, June 22nd , 2022 - OOTP Baseball 23.4 Build 64